 Dungeon Crawl Stone Soup version 0.27.1-3-gb3d3a73c9e (webtiles) character file.

Game seed: 12372249423039064185

23 AllIsDust the Skirmisher (level 3, 12/24 HPs)
             Began as a Gargoyle Berserker on Oct 10, 2021.
             Was a Follower of Trog.
             Quit the game on level 2 of the Dungeon.
             The game lasted 00:09:30 (607 turns).

AllIsDust the Skirmisher (Gargoyle Berserker)        Turns: 607, Time: 00:09:30

Health: 12/24      AC:  5    Str: 21    XL:     3   Next: 0%
Magic:  3/3        EV: 11    Int:  7    God:    Trog [*.....]
Gold:   18         SH:  0    Dex:  9    Spells: 2/2 levels left

rFire    . . .     SeeInvis .   a - +0 mace
rCold    . . .     Faith    .   (no shield)
rNeg     + . .     Spirit   .   b - +0 animal skin
rPois    ∞         Reflect  .   (no helmet)
rElec    +         Harm     .   (no cloak)
rCorr    .         Rampage  .   (no gloves)
Will     .....                  (no boots)
Stlth    +.........             (no amulet)
HPRegen  0.08/turn              (no ring)
MPRegen  0.08/turn              (no ring)

@: no status effects
A: sickness immunity, AC +3, negative energy resistance 1, electricity
resistance, torment resistance 1, petrification resistance
a: Renounce Religion, Berserk


You were on level 2 of the Dungeon.
You worshipped Trog.
Trog was aware of your devotion.
You visited 1 branch of the dungeon, and saw 2 of its levels.

You collected 18 gold pieces.

Inventory:

Hand Weapons
 a - a +0 mace (weapon)
Armour
 b - a +0 animal skin (worn)


   Skills:
 + Level 3.7 Fighting
 + Level 3.5 Maces & Flails
 + Level 2.5 Armour
 + Level 1.6 Dodging


You had 2 spell levels left.
You didn't know any spells.
Your spell library was empty.

Dungeon Overview and Level Annotations

Branches:
Dungeon (1/15)

Altars:


Innate Abilities, Weirdness & Mutations

You are immune to sickness and miasma.
Your stone body is resilient. (AC +3)
You are immune to poison.
You resist negative energy. (rN+)
You are resistant to electric shocks. (rElec)
You are resistant to unholy torment.
You are immune to petrification.


Message History

You sock the giant cockroach!
You kill the giant cockroach!
Trog accepts your kill.
You have reached level 3!
Your experience leads to an increase in your attributes!
Increase (S)trength, (I)ntelligence, or (D)exterity?
Welcome back, AllIsDust the Gargoyle Berserker.
Trog says: Kill them all!
Press ? for a list of commands and other information.
You have reached level 3!
Your experience leads to an increase in your attributes!
Increase (S)trength, (I)ntelligence, or (D)exterity?
Uppercase letters only, please.
You feel stronger.
Save game and exit?
Okay, then.
You now have 18 gold pieces (gained 12).
You don't know any spells.
You see here a +0 hand axe.
Okay, then.
You are a level 3 Gargoyle Berserker.
You are 0% of the way to level 4.
Play time: 00:08:40 (587 turns).
Zot will find you in 5401 turns if you stay in this branch and explore no new floors.
Okay, then.
You see here a +0 hand axe.
Okay, then.
Found a scroll labelled FIOMAA KYEB.
Found 17 stones.
Found a scroll labelled XERIOF HOZU.
You fall into a shaft and drop 1 floor!
The shaft crumbles and collapses.
Welcome back, AllIsDust the Gargoyle Berserker.
Trog says: Kill them all!
Press ? for a list of commands and other information.
Found a scale mail.
You see here a +0 scale mail.
You see here a +0 scale mail.
Unknown command.
Unknown command.
Are you sure you want to abandon this character and quit the game? (Confirm with "yes".)

#.# #.# #.#
#.# #.# #.#
#.# #
#.####.#####
#@..........
######.####.
#


There were no monsters in sight!

Vanquished Creatures
  A dart slug (D:1)
  4 endoplasms (D:1)
  2 giant cockroaches (D:1)
  A goblin (D:1)
  3 ball pythons (D:1)
  2 frilled lizards (D:1)
  6 kobolds (D:1)
  A rat (D:1)
20 creatures vanquished.

Vanquished Creatures (others)
  2 plants (D:1)
2 creatures vanquished.

Grand Total: 22 creatures vanquished

Notes
Turn   | Place    | Note
-------+----------+-------------------------------------------
     0 | D:1      | AllIsDust the Gargoyle Berserker began the quest for the
                  | Orb.
     0 | D:1      | Reached XP level 1. HP: 14/14 MP: 1/1
   373 | D:1      | Reached XP level 2. HP: 9/19 MP: 2/2
   564 | D:1      | Reached XP level 3. HP: 9/24 MP: 3/3
   599 | D:1      | You fall into a shaft and drop 1 floor!
   607 | D:2      | Quit the game

Illustrated notes

Levels and vault maps discovered:
D:1:      wander_arrival_estate, layout_rooms, chequers_serial_rivers_marsh,
          lexackson_kobold_supper
D:2:      layout_loops_ring, basic_altar, minmay_misc_feat_five,
          kennysheep_generic_room_8

Action                   || total
-------------------------++-------
Melee: Mace              ||    50
Armor: Animal skin       ||    17
Dodge: Dodged            ||    23
